 Dungeon Crawl Stone Soup version 0.28-a0-1114-g8eb0198dcf (webtiles) character file.

Game seed: 2071499234973953375

4803 vfkn the Covert (level 10, -4/47 HPs)
             Began as a Spriggan Enchanter on Dec 11, 2021.
             Was a Follower of Dithmenos.
             Slain by Harold (16 damage)
             ... on level 8 of the Dungeon.
             The game lasted 00:17:18 (7557 turns).

vfkn the Covert (Spriggan Enchanter)                Turns: 7557, Time: 00:17:19

Health: -4/47      AC:  6    Str: 12    XL:     10   Next: 24%
Magic:  25/25      EV: 19    Int: 18    God:    Dithmenos [*.....]
Gold:   238        SH:  0    Dex: 17    Spells: 21/29 levels left

rFire   . . .      SeeInvis +   h - +2 short sword (venom)
rCold   . . .      Faith    .   (shield restricted)
rNeg    . . .      Spirit   .   b - +0 robe
rPois   .          Reflect  .   g - +2 hat {Stlth+}
rElec   .          Harm     .   w - +1 cloak {Stlth+}
rCorr   .          Rampage  .   (gloves unavailable)
Will    ++...                   (boots unavailable)
Stlth   +++++++++.              s - amulet of the acrobat
HPRegen 0.95/turn               (no ring)
MPRegen 0.19/turn               (no ring)

@: wreathed by umbra, very quick
A: very small, no large weapons, unfitting armour, see invisible, speed 3, agile
1, strong-willed 1, regeneration 1, strong 2
a: Renounce Religion


You were on level 8 of the Dungeon.
You worshipped Dithmenos.
Dithmenos was aware of your devotion.
You visited 2 branches of the dungeon, and saw 9 of its levels.

You collected 370 gold pieces.
You spent 132 gold pieces at shops.

Inventory:

Hand Weapons
 h - a +2 short sword of venom (weapon)
 q - a +1 dagger of freezing
 v - a +2 short sword of flaming
 x - a +4 dagger of chaos
Missiles
 m - 28 poisoned darts (quivered)
Armour
 b - a +0 robe (worn)
 g - a +2 hat of stealth (worn)
 w - a +1 cloak of stealth (worn)
Jewellery
 s - an amulet of the acrobat (around neck)
Wands
 k - a wand of digging (11)
 o - a wand of flame (13)
 p - a wand of acid (2)
Scrolls
 n - 2 scrolls of blinking
 r - a scroll of teleportation
Potions
 c - 2 potions of invisibility
 d - a potion of magic
 e - a potion of curing
 f - a potion of attraction
 i - 4 potions of lignification
 j - a potion of haste
 l - a potion of flight
 t - a potion of heal wounds
 u - a potion of might {unknown}


   Skills:
 + Level 2.6 Fighting
 + Level 3.7 Short Blades
 + Level 5.2 Dodging
 + Level 12.1 Stealth
 + Level 10.3 Spellcasting
 + Level 10.6 Hexes


You had 21 spell levels left.
You knew the following spells:

 Your Spells              Type           Power      Damage    Failure   Level
a - Ensorcelled Hibernat  Hex/Ice        56%        N/A       1%          2
b - Tukima's Dance        Hex            47%        N/A       1%          3
c - Dazzling Flash        Conj/Hex       56%        N/A       2%          3

Your spell library contained the following spells:

 Spells                   Type           Power      Damage    Failure   Level
 Confusing Touch          Hex            47%        N/A       1%          3
 Animate Skeleton         Necr           18%        N/A       8%          1
 Apportation              Tloc           18%        N/A       8%          1
 Summon Small Mammal      Summ           36%        N/A       8%          1
 Corpse Rot               Necr/Air       18%        N/A       12%         2
 Scorch                   Fire           18%        2d5       12%         2
 Stone Arrow              Conj/Erth      18%        3d8       22%         3
 Animate Armour           Summ/Erth      18%        N/A       58%         4
 Dispel Undead            Necr           9%         3d8       58%         4
 Flame Wave               Conj/Fire      9%         2d4       58%         4
 Death Channel            Necr           4%         N/A       100%        6
 Summon Cactus Giant      Summ           4%         N/A       100%        6
 Lehudib's Crystal Spear  Conj/Erth      4%         10d3      100%        8


Dungeon Overview and Level Annotations

Branches:
Dungeon (8/15)             Temple (1/1) D:6
   Lair: D:8-11

Altars:
Dithmenos
Elyvilon
Fedhas
Gozag
Okawaru
Qazlal
Trog
Uskayaw
Vehumet
Wu Jian
Xom
Yredelemnul

Shops:
D:8 *

Annotations:
D:4 3 runed translucent doors, Gargoyl's ghost, amateur GnAK; Gargoyl's ghost, novice GnAK; Titania's ghost, novice GrEE; paps's ghost, amateur OpDe
D:8 Harold


Innate Abilities, Weirdness & Mutations

You are very small and have problems with some larger weapons.
You are too small for most types of armour.
You have supernaturally acute eyesight. (SInv)
You cover ground extremely quickly. (Speed+++)
You are agile. (Dex +2)
You are strong-willed. (Will+)
Your natural rate of healing is unusually fast.
Your muscles are very strong. (Str +4)


Message History

Unknown command.
Magic restored.
Things that are here:
a +0 robe; the human corpse of Psyche
Found a stone staircase leading up.
Harold the Weathered comes into view.
He is wielding a +0 battleaxe, wearing a +2 chain mail of cold resistance and carrying a wand of acid (6).
An orc priest comes into view.
It is wielding a +2 dagger of electrocution.
The helpless Harold fails to defend himself.
You stick Harold like a pincushion!!!
Harold looks as sick as possible!
Harold is heavily wounded.
Harold zaps a wand.
The bolt of acid hits you!!
Ouch! That really hurt!
* * * LOW HITPOINT WARNING * * *
Unknown command.
You feel much better. Harold hits you with a +0 battleaxe!!
You hear a shout!
Casting: Tukima's Dance (safe; 1% risk of failure)
Confirm with . or Enter, or press ? or * to list all spells.
Aiming: Ensorcelled Hibernation (safe; 1% risk of failure)
Press: ? - help, Shift-Dir - straight line, f - you That would be overly suicidal.
Okay, then.
Unknown command.
You barely miss Harold.
Harold is severely wounded.
You hear a shout!
Harold shouts, "Can you die now?
I had plans for the rest of the day!"
Harold points at you and mumbles some strange words.
You barely resist. You hit Harold but do no damage.
Harold looks as sick as possible!
Harold is almost dead.
Harold hits you with a +0 battleaxe!
* * * LOW HITPOINT WARNING * * *
You hit Harold but do no damage.
Harold looks as sick as possible!
Harold is almost dead.
Harold barely misses you.
You hit Harold but do no damage.
Harold looks as sick as possible!
Harold is almost dead.
Harold hits you with a +0 battleaxe!
You die...

##.#.####.# ...#.#
#.# .#
####.####.####.#
.# #...........#
.# ######.######
.# #.# .# #.######
.# #......##.##
#..........@@.#
.....##.####.###.#
#### #<# #.# # #.#
#.# #.# #.# #.#
#.o #.# ###


You could see Harold (extremely poisoned).

Vanquished Creatures
  Psyche (D:8)
  Prince Ribbit (D:7)
  A wraith (D:6)
  5 yaks
  A steam dragon (D:8)
  Duvessa (D:7)
  A water moccasin (D:5)
  2 ice beasts (D:6)
  A black bear (D:5)
  2 necrophages
  An ogre (D:6)
  2 centaurs (D:6)
  A phantom (D:4)
  2 bullfrogs
  4 scorpions
  Dowan (D:7)
  A wight (D:8)
  A centaur zombie (D:6)
  2 jellies
  A hound (D:5)
  3 iguanas
  10 orc priests
  Crazy Yiuf (D:7)
  A bullfrog skeleton (D:6)
  A centaur skeleton (D:7)
  A gnoll shaman (D:8)
  Natasha (thrice) (D:3)
  Ijyb (D:5)
  11 orc wizards
  A hound skeleton (D:4)
  5 gnolls (D:8)
  6 adders
  A shadow imp (D:7)
  2 ufetubi
  2 adder skeletons (D:4)
  2 dart slugs (D:4)
  37 orcs
  3 bats
  4 endoplasms
  3 giant cockroaches
  4 hobgoblins (D:3)
  7 jackals
  4 quokkas
  3 ball pythons (D:1)
  3 frilled lizards
  4 goblins
  8 kobolds
  4 rats
167 creatures vanquished.

Vanquished Creatures (collateral kills)
  A two-headed ogre (D:6)
  3 wights (D:8)
  An orc (D:8)
5 creatures vanquished.

Vanquished Creatures (others)
  5 dancing weapons
  A fungus (D:7)
  3 plants (D:8)
  2 withered plants (D:4)
11 creatures vanquished.

Grand Total: 183 creatures vanquished

Notes
Turn   | Place    | Note
-------+----------+-------------------------------------------
     0 | D:1      | vfkn the Spriggan Enchanter began the quest for the Orb.
     0 | D:1      | Reached XP level 1. HP: 9/9 MP: 5/5
   373 | D:1      | Gained mutation: You are frail. (-10% HP) [potion of
                  | mutation]
   373 | D:1      | Gained mutation: You have a pair of small horns on your
                  | head. [potion of mutation]
   373 | D:1      | Gained mutation: Your muscles are strong. (Str +2) [potion
                  | of mutation]
   373 | D:1      | Gained mutation: You have sharp toenails. [potion of
                  | mutation]
   449 | D:1      | Reached XP level 2. HP: 3/11 MP: 7/7
   464 | D:1      | Learned a level 2 spell: Ensorcelled Hibernation
  1171 | D:2      | Found a faded altar of an unknown god.
  1192 | D:2      | Lost mutation: You have sharp toenails. [potion of
                  | mutation]
  1192 | D:2      | Lost mutation: You have a pair of small horns on your head.
                  | [potion of mutation]
  1192 | D:2      | Gained mutation: You are strong-willed. (Will+) [potion of
                  | mutation]
  1192 | D:2      | Gained mutation: Your muscles are very strong. (Str +4)
                  | [potion of mutation]
  1192 | D:2      | Gained mutation: You are agile. (Dex +2) [potion of
                  | mutation]
  1830 | D:2      | Lost mutation: You are agile. (Dex +2) [potion of mutation]
  1830 | D:2      | Lost mutation: Your muscles are very strong. (Str +4)
                  | [potion of mutation]
  1830 | D:2      | Lost mutation: You are frail. (-10% HP) [potion of
                  | mutation]
  1830 | D:2      | Gained mutation: Your magical capacity is low. (-10% MP)
                  | [potion of mutation]
  1830 | D:2      | Gained mutation: Your natural rate of healing is unusually
                  | fast. [potion of mutation]
  1830 | D:2      | Gained mutation: You have hidden genetic potential. [potion
                  | of mutation]
  1830 | D:2      | Gained mutation: You are agile. (Dex +2) [potion of
                  | mutation]
  1956 | D:2      | Reached XP level 3. HP: 16/16 MP: 6/8
  1960 | D:2      | Learned a level 3 spell: Tukima's Dance
  1964 | D:2      | Learned a level 3 spell: Dazzling Flash
  2219 | D:3      | Lost mutation: Your magical capacity is low. (-10% MP)
                  | [hidden potential]
  2342 | D:3      | Noticed Natasha
  2345 | D:3      | Killed Natasha
  2346 | D:3      | Reached skill level 5 in Hexes
  2346 | D:3      | Reached XP level 4. HP: 21/21 MP: 11/11
  2490 | D:3      | Identified a scroll of acquirement
  2490 | D:3      | Acquired a +0 hat of stealth
  2587 | D:3      | Found a hide-covered altar of Uskayaw.
  2648 | D:3      | Noticed Natasha
  2661 | D:3      | Killed Natasha
  2672 | D:3      | Gained mutation: Your muscles are very strong. (Str +4)
                  | [hidden potential]
  2672 | D:3      | Lost mutation: You have hidden genetic potential. [hidden
                  | potential expressed]
  2764 | D:3      | Noticed a necrophage
  2786 | D:3      | Killed a necrophage
  2787 | D:3      | Reached skill level 5 in Spellcasting
  2787 | D:3      | Reached XP level 5. HP: 17/24 MP: 11/13
  2888 | D:3      | Noticed Natasha
  2901 | D:3      | Killed Natasha
  3014 | D:4      | Reached XP level 6. HP: 20/28 MP: 15/15
  3088 | D:4      | Reached skill level 5 in Stealth
  3244 | D:4      | Found a runed translucent gate.
  3244 | D:4      | Found a runed translucent gate.
  3244 | D:4      | Found a runed translucent gate.
  3246 | D:4      | Noticed paps's ghost (amateur OpDe)
  3246 | D:4      | Noticed Titania's ghost (novice GrEE)
  3248 | D:4      | Noticed Gargoyl's ghost (amateur GnAK)
  3248 | D:4      | Noticed Gargoyl's ghost (novice GnAK)
  3449 | D:4      | Found a white marble altar of Elyvilon.
  3976 | D:5      | Entered Level 5 of the Dungeon
  3976 | D:5      | Noticed Ijyb
  3979 | D:5      | Killed Ijyb
  3986 | D:5      | Reached skill level 6 in Stealth
  4195 | D:5      | Reached XP level 7. HP: 16/32 MP: 17/17
  4459 | D:5      | Reached skill level 7 in Stealth
  4755 | D:5      | Reached skill level 8 in Stealth
  4755 | D:5      | Reached XP level 8. HP: 36/36 MP: 18/20
  5234 | D:6      | Reached skill level 9 in Stealth
  5409 | D:6      | Reached skill level 10 in Stealth
  5499 | D:6      | Noticed a two-headed ogre
  5500 | D:6      | Found a shimmering altar of Xom.
  5516 | D:6      | Killed a two-headed ogre
  5517 | D:6      | Reached XP level 9. HP: 39/39 MP: 11/23
  5553 | D:6      | Reached skill level 11 in Stealth
  5644 | D:6      | Found an iron altar of Okawaru.
  5741 | D:6      | Reached skill level 10 in Hexes
  5818 | D:6      | Found a staircase to the Ecumenical Temple.
  5824 | Temple   | Entered the Ecumenical Temple
  5916 | Temple   | Became a worshipper of Dithmenos the Shadowed
  6048 | D:7      | Noticed Dowan
  6103 | D:7      | Noticed Duvessa
  6159 | D:7      | Reached skill level 1 in Fighting
  6358 | D:7      | Noticed Prince Ribbit
  6372 | D:7      | Killed Prince Ribbit
  6481 | D:7      | Found a radiant altar of Vehumet.
  6584 | D:7      | Killed Duvessa
  6584 | D:7      | Reached * piety under Dithmenos
  6585 | D:7      | Reached skill level 10 in Spellcasting
  6590 | D:7      | Killed Dowan
  6694 | D:7      | Found an ornate altar of the Wu Jian Council.
  6787 | D:7      | Found a runed translucent door.
  6788 | D:7      | Noticed Crazy Yiuf
  6795 | D:7      | Killed Crazy Yiuf
  6907 | D:8      | Reached XP level 10. HP: 41/46 MP: 19/25
  7159 | D:8      | Reached skill level 12 in Stealth
  7161 | D:8      | Reached skill level 5 in Dodging
  7305 | D:8      | Found a blossoming altar of Fedhas.
  7325 | D:8      | Found Utamegass's Assorted Antiques.
  7332 | D:8      | Bought 2 scrolls labelled COIGRI ROTUEGH for 68 gold pieces
  7332 | D:8      | Bought an emerald potion for 30 gold pieces
  7332 | D:8      | Bought a scroll labelled FEQABUL NETE for 34 gold pieces
  7485 | D:8      | Noticed Psyche
  7500 | D:8      | Killed Psyche
  7545 | D:8      | Noticed Harold
  7557 | D:8      | Slain by Harold

Illustrated notes

Levels and vault maps discovered:
D:1:      dpeg_arrival_arbitrary_b, layout_rooms, amcnicky_mini_pool_small,
          kennysheep_boxes
D:2:      layout_rooms, ebering_ecumenical_altar_mist,
          chequers_serial_rivers_micro_b
D:3:      layout_loops_corners, general_overflow_altar, uniq_natasha
D:4:      layout_basic, mainiacjoe_overflow_24_doors, gammafunk_ghost_cemetery,
          corexii_leaking_fountain
D:5:      layout_basic, uniq_ijyb
D:6:      layout_rooms, minmay_temple_entry_fiery, hangedman_feature_mirror,
          grunt_decor_cap
D:7:      layout_rooms, mainiacjoe_overflow_catwalk,
          lemuel_coloured_pillars_altar, small_statue_intersection,
          uniq_prince_ribbit1, uniq_crazy_yiuf_cottage, uniq_duvessa
D:8:      layout_loops_ring, fedhas_altar_1, grunt_temple_overflow_diamond,
          lair_entry_dummy, serial_shops, nicolae_shop_stone, uniq_harold,
          uniq_psyche
Temple:   minmay_temple_curvy_loop

Skill      XL: |  1  2  3  4  5  6  7  8  9 10 |
---------------+-------------------------------+-----
Spellcasting   | 3 4 5 6 7 9 10 | 10.3
Hexes          | 4 5 6 7 9 10 | 10.6
Stealth        | 6 8 10 11 12 | 12.1
Dodging        | 4 5 |  5.2
Fighting       | 2 |  2.6
Short Blades   | 3 |  3.7

Action                   |  1- 3 |  4- 6 |  7- 9 | 10-12 || total
-------------------------+-------+-------+-------+-------++-------
Melee: Dagger            |    31 |       |       |       ||    31
       Short sword       |    65 |   124 |   270 |    63 ||   522
       Headbutt          |     7 |       |       |       ||     7
       Kick              |     6 |       |       |       ||     6
Throw: Dart              |       |     3 |       |       ||     3
 Cast: Ensorcelled Hiber |     3 |     5 |    34 |    12 ||    54
       Tukima's Dance    |       |       |     9 |    12 ||    21
       Dazzling Flash    |       |       |     4 |       ||     4
Evoke: Wand              |       |       |     4 |       ||     4
  Use: Scroll            |     7 |     3 |     5 |     2 ||    17
       Potion            |     3 |     3 |       |     2 ||     8
 Stab: Sleeping          |    10 |    11 |    27 |     7 ||    55
       Distracted        |       |       |     1 |       ||     1
       Invisible         |       |       |     1 |     1 ||     2
Armor: Robe              |     8 |    13 |    40 |    11 ||    72
Dodge: Dodged            |    71 |    97 |   271 |    72 ||   511

Table legend: (Time is in decaauts)
 A = Elapsed time spent in this place.
 B = Non-inter-level travel time spent in this place.
 C = Inter-level travel time spent in this place.
 D = Time resting spent in this place.
 E = Time spent auto-exploring this place.
 F = Levels seen in this place.
 G = Mean time per level.
                   A        B        C        D        E       F      G
               +--------+--------+--------+--------+--------+-----+--------+
         Total |   5788 |   5642 |    146 |    392 |   3851 |   9 |  643.1 |
       Dungeon |   5696 |   5584 |    112 |    392 |   3803 |   8 |  712.0 |
        Temple |     91 |     57 |     34 |      0 |     48 |   1 |   91.0 |
               +--------+--------+--------+--------+--------+-----+--------+

Top non-repeatable levels by time:
     D:5: 1013 daAuts
     D:1: 909 daAuts
     D:2: 771 daAuts
     D:4: 696 daAuts
     D:3: 620 daAuts
     D:6: 580 daAuts
     D:8: 553 daAuts
     D:7: 552 daAuts
  Temple: 91 daAuts
